Blackhawks vs Predators

Created - 6 février 2016 at 18:59

Goals
1 2 3 T
Blackhawks 4 2 1 7
Predators 0 1 3 4
Shots
1 2 3 T
Blackhawks 17 10 9 36
Predators 5 10 13 28

1st period

1. Blackhawks , Kris Versteeg 13 (Brent Burns, Henrik Zetterberg) at 4:41
2. Blackhawks , Henrik Zetterberg 24 (Kris Versteeg, Robert Nilsson) at 5:07 (PP)
3. Blackhawks , Henrik Zetterberg 25 (John Carlson, Kris Versteeg) at 13:44
4. Blackhawks , Sheldon Keefe 6 (Dominic Moore, Daniel Carcillo) at 15:47

Penalties :
John Carlson (Chi) for High sticking (Minor) at 2:23, Alexander Ovechkin (Nas) for Tripping (Minor) at 5:03, Chris Higgins (Chi) for Holding (Minor) at 6:11, Adam Burish (Nas) for Tripping (Minor) at 16:56

2nd period

5. Blackhawks , Pierre-Marc Bouchard 17 (Chris Higgins) at 2:28 (PP)
6. Blackhawks , Pierre-Marc Bouchard 18 (Chris Higgins, Jeff Schultz) at 3:23 (PP)
7. Predators , James Van Riemsdyk 4 (Erik Rasmussen, Vaclav Varada) at 8:17

Penalties :
Josef Vasicek (Nas) for Hooking (Minor) at 1:31, Alexander Edler (Nas) for Holding Stick (Minor) at 2:47, Joe Thornton (Nas) for Fighting (Major) at 5:46, Henrik Zetterberg (Chi) for Fighting (Major) at 5:46, Kris Versteeg (Chi) for Roughing (Minor) at 12:24

3rd period

8. Predators , Alexander Ovechkin 26 (Joe Thornton) at 3:15
9. Predators , Kris Vernarsky 12 (Adam Burish) at 3:27
10. Blackhawks , Steve Bernier 5 (Chris Higgins, Pierre-Marc Bouchard) at 9:47 (PP)
11. Predators , James Van Riemsdyk 5 (Barret Jackman, Christian Ehrhoff) at 18:44

Penalties :
Alexander Edler (Nas) for Hooking (Minor) at 3:51, Eric Nystrom (Nas) for Holding (Minor) at 9:16, Robert Nilsson (Chi) for Hooking (Minor) at 10:10

Goalie Stats

Tyler Weiman (Chi), 24 saves from 28 shots - (0,857), W, 21-14-4, 60:00 minutes
Maxime Daigneault (Nas), 23 saves from 27 shots - (0,852), 50:21 minutes
Ray Emery (Nas), 6 saves from 9 shots - (0,667), L, 2-3-1, 9:39 minutes

Players Stats for Blackhawks

Player Name              G  A  P  +/- PIM S  H  SB GA TA FO     MP     PP MP  PK MP  
------------------------------------------------------------------------------------
Andy Rogers              0  0  0  -1  0   0  1  0  1  2  0/0    19:43   0:00   4:57 
Brent Burns              0  1  1   0  0   2  3  0  0  2  0/0    27:49   4:09   2:59 
Chris Campoli            0  0  0   0  0   0  1  1  0  0  0/0    12:28   1:57   0:00 
Chris Higgins            0  3  3   0  2   3  2  0  0  0  0/0    14:32   2:19   1:07 
Daniel Carcillo          0  1  1   0  0   1  1  0  0  0  0/0    10:21   0:00   0:31 
Dominic Moore            0  1  1   0  0   2  2  0  1  1  4/9    15:11   0:00   3:44 
Henrik Zetterberg        2  1  3   0  5   7  0  0  0  0  0/1    19:03   3:47   0:00 
Jamie Langenbrunner      0  0  0  -1  0   1  0  0  0  0  0/0    11:45   0:00   3:44 
Jeff Schultz             0  1  1  -1  0   3  0  1  0  1  0/0    22:25   1:57   4:57 
John Carlson             0  1  1   0  2   1  1  1  2  1  0/0    23:31   4:09   0:00 
Kris Versteeg            1  2  3   0  2   3  3  0  0  0  0/0    21:01   3:47   0:00 
Pierre-Marc Bouchard     2  1  3   0  0   5  1  0  0  0  9/13   14:28   2:19   1:24 
Robert Nilsson           0  1  1   0  2   4  1  1  0  1  13/39  21:07   3:47   0:00 
Ryan Malone              0  0  0  -1  0   1  0  0  0  0  0/0     8:01   0:00   0:00 
Sheldon Keefe            1  0  1   0  0   1  0  1  0  0  0/1    12:46   0:00   2:48 
Steve Bernier            1  0  1   0  0   1  1  0  0  1  0/0    12:54   2:19   0:00 
Viktor Kozlov            0  0  0  -1  0   1  0  0  2  0  1/4    10:48   0:00   2:34 
Wes O'Neill              0  0  0   0  0   0  0  0  1  0  0/0    14:06   0:00   2:59 

Players Stats for Predators

Player Name              G  A  P  +/- PIM S  H  SB GA TA FO     MP     PP MP  PK MP  
------------------------------------------------------------------------------------
Adam Burish              0  1  1   0  2   3  0  0  1  0  1/1    18:47   3:32   3:12 
Alexander Edler          0  0  0   0  4   0  1  0  0  0  0/0    27:06   4:43   2:13 
Alexander Ovechkin       1  0  1   0  2   5  3  0  1  1  0/0    22:14   4:15   0:55 
Alexander Steen          0  0  0   0  0   2  1  0  1  0  2/6    17:17   3:32   0:28 
Andrei Markov            0  0  0   0  0   0  1  0  0  1  0/0    13:43   3:13   0:42 
Barret Jackman           0  1  1   1  0   0  2  0  0  0  0/0    16:19   0:00   1:13 
Brett Clark              0  0  0   0  0   0  0  2  0  0  0/0    12:42   0:00   3:11 
Christian Ehrhoff        0  1  1   1  0   1  1  0  1  2  0/0    19:25   3:13   0:00 
Eric Nystrom             0  0  0   0  2   1  0  0  0  0  0/0     9:39   0:00   0:48 
Erik Rasmussen           0  1  1   1  0   1  1  1  0  0  1/5     9:26   0:00   1:53 
James Van Riemsdyk       2  0  2   1  0   4  0  0  0  0  0/0     8:06   0:09   0:00 
Jeremy Williams          0  0  0   0  0   0  2  0  0  0  0/0    12:56   4:04   0:00 
Joe Thornton             0  1  1   0  5   3  3  1  0  1  16/25  19:15   4:01   0:13 
Josef Vasicek            0  0  0   0  2   4  3  0  3  0  9/11   13:38   0:27   3:15 
Kris Vernarsky           1  0  1   0  0   3  0  0  1  1  10/16  15:33   3:32   0:00 
Ryan Mcdonagh            0  0  0   0  0   0  0  3  1  0  0/0    31:03   4:43   4:53 
Vaclav Varada            0  1  1   1  0   0  1  0  0  1  0/0     8:19   0:16   0:00 
Vitali Yachmenev         0  0  0   0  0   1  2  0  0  0  1/3    18:19   0:00   1:28 

3 Stars

1 - Pierre-Marc Bouchard (Chi)
2 - James Van Riemsdyk (Nas)
3 - Kris Versteeg (Chi)

Power Play

Blackhawks - 4 on 6 Attempt(s) - 66,67%
Predators - 0 on 4 Attempt(s) - 0,00%

Penalty Kill

Blackhawks - 4 on 4 Attempt(s) - 100,00% - Score 0 goal in Penalty Kill
Predators - 2 on 6 Attempt(s) - 33,33% - Score 0 goal in Penalty Kill

Team Stat

Blackhawks - Hits : 17 - Faceoff Wins : 27 - Blocked Shots : 5 - Penalty Minutes : 13
Predators - Hits : 21 - Faceoff Wins : 40 - Blocked Shots : 7 - Penalty Minutes : 17

Official

Referees : Kowal Tom and Walkom Stephen
Linesman : Andy McElman and Vaughan Rody

Game Notes

Ray Emery enters game at 13:44 of 1st period
Maxime Daigneault enters game at 3:23 of 2nd period
Joe Thornton and Henrik Zetterberg fight to a draw at 5:46 of 2nd period

Finance

Level 1 -- Attendance: 5856 (97,60%) -- Ticket Income 497 760 $
Level 2 -- Attendance: 5000 (100,00%) -- Ticket Income 255 000 $
Level 3 -- Attendance: 1798 (89,90%) -- Ticket Income 57 536 $
Level 4 -- Attendance: 4000 (100,00%) -- Ticket Income 88 000 $
Luxury Box -- Attendance: 739 (73,90%) -- Ticket Income 133 020 $
Game was played at the Wildcat center.
Total Attendance: 17393 (96,63%)
Total Ticket Income: 1 031 316 $
Other Income: 154 697 $
Total Income: 1 186 013 $

Blackhawks

5 vs 5 Forward 
   Center                   Left Wing                Right Wing               Time % Phy DF OF 
 1 Robert Nilsson           Henrik Zetterberg        Kris Versteeg            40     1   2  2  
 2 Pierre-Marc Bouchard     Chris Higgins            Steve Bernier            30     1   2  2  
 3 Dominic Moore            Daniel Carcillo          Sheldon Keefe            20     1   2  2  
 4 Viktor Kozlov            Ryan Malone              Jamie Langenbrunner      10     1   2  2  

5 vs 5 Defense 
   Defense                  Defense                                           Time % Phy DF OF 
 1 Brent Burns              John Carlson                                      40     1   2  2  
 2 Andy Rogers              Jeff Schultz                                      30     1   2  2  
 3 Wes O'Neill              Chris Campoli                                     20     1   2  2  
 4 Brent Burns              Jeff Schultz                                      10     1   2  2  

PowerPlay Forward 
   Center                   Left Wing                Right Wing               Time % Phy DF OF 
 1 Robert Nilsson           Henrik Zetterberg        Kris Versteeg            60     1   2  2  
 2 Pierre-Marc Bouchard     Chris Higgins            Steve Bernier            40     1   2  2  

PowerPlay Defense
   Defense                  Defense                                           Time % Phy DF OF 
 1 Brent Burns              John Carlson                                      60     1   2  2  
 2 Jeff Schultz             Chris Campoli                                     40     1   2  2  

Penalty Kill 4 Players Forward 
   Center                   Wing                     Time % Phy DF OF 
 1 Dominic Moore            Jamie Langenbrunner      60     1   2  2  
 2 Viktor Kozlov            Sheldon Keefe            40     1   2  2  

Penalty Kill 4 Players Defense
   Defense                  Defense                  Time % Phy DF OF 
 1 Andy Rogers              Jeff Schultz             60     1   2  2  
 2 Wes O'Neill              Brent Burns              40     1   2  2  

Penalty Kill - 3 Players Forward 
   Forward                                           Time % Phy DF OF 
 1 Henrik Zetterberg                                 60     1   2  2  
 2 Dominic Moore                                     40     1   2  2  

Penalty Kill - 3 Players Defense
   Defense                  Defense                  Time % Phy DF OF 
 1 Brent Burns              Jeff Schultz             60     1   2  2  
 2 Andy Rogers              Brent Burns              40     1   2  2  

4 vs 4 Forward 
   Center                   Wing                     Time % Phy DF OF 
 1 Robert Nilsson           Kris Versteeg            60     1   2  2  
 2 Pierre-Marc Bouchard     Henrik Zetterberg        40     1   2  2  

4 vs 4 Defense
   Defense                  Defense                  Time % Phy DF OF 
 1 Brent Burns              John Carlson             60     1   2  2  
 2 Andy Rogers              Jeff Schultz             40     1   2  2  

Last Minutes Offensive
   Center                   Left Wing                Right Wing               Defense                  Defense                  
   Robert Nilsson           Henrik Zetterberg        Kris Versteeg            Brent Burns              Jeff Schultz             

Last Minutes Defensive
   Center                   Left Wing                Right Wing               Defense                  Defense                  
   Robert Nilsson           Henrik Zetterberg        Kris Versteeg            Brent Burns              Jeff Schultz             

Goaltenders
Starting : Tyler Weiman             
Backup : Jocelyn Thibault         

Extra Forwards
Normal : Dominic Moore, Daniel Carcillo, Sheldon Keefe - PP : Dominic Moore, Daniel Carcillo - PK : Sheldon Keefe
Extra Defensemen
Normal : Chris Campoli, Wes O'Neill, Andy Rogers - PP : Wes O'Neill - PK : Jeff Schultz, Andy Rogers
Penalty Shots
Henrik Zetterberg, Steve Bernier, Kris Versteeg, Pierre-Marc Bouchard, Robert Nilsson

Predators

5 vs 5 Forward 
   Center                   Left Wing                Right Wing               Time % Phy DF OF 
 1 Joe Thornton             Alexander Ovechkin       Vitali Yachmenev         40     1   2  2  
 2 Kris Vernarsky           Alexander Steen          Adam Burish              30     1   2  2  
 3 Josef Vasicek            Eric Nystrom             Jeremy Williams          20     1   2  2  
 4 Erik Rasmussen           James Van Riemsdyk       Vaclav Varada            10     1   2  2  

5 vs 5 Defense 
   Defense                  Defense                                           Time % Phy DF OF 
 1 Alexander Edler          Ryan Mcdonagh                                     40     1   2  2  
 2 Christian Ehrhoff        Barret Jackman                                    30     1   2  2  
 3 Andrei Markov            Brett Clark                                       20     1   2  2  
 4 Christian Ehrhoff        Ryan Mcdonagh                                     10     1   1  3  

PowerPlay Forward 
   Center                   Left Wing                Right Wing               Time % Phy DF OF 
 1 Joe Thornton             Alexander Ovechkin       Jeremy Williams          60     2   1  2  
 2 Kris Vernarsky           Alexander Steen          Adam Burish              40     1   1  3  

PowerPlay Defense
   Defense                  Defense                                           Time % Phy DF OF 
 1 Alexander Edler          Ryan Mcdonagh                                     60     1   1  3  
 2 Andrei Markov            Christian Ehrhoff                                 40     1   1  3  

Penalty Kill 4 Players Forward 
   Center                   Wing                     Time % Phy DF OF 
 1 Josef Vasicek            Adam Burish              60     1   2  2  
 2 Erik Rasmussen           Eric Nystrom             40     1   2  2  

Penalty Kill 4 Players Defense
   Defense                  Defense                  Time % Phy DF OF 
 1 Alexander Edler          Ryan Mcdonagh            60     1   2  2  
 2 Brett Clark              Barret Jackman           40     1   2  2  

Penalty Kill - 3 Players Forward 
   Forward                                           Time % Phy DF OF 
 1 Josef Vasicek                                     60     1   2  2  
 2 Adam Burish                                       40     1   2  2  

Penalty Kill - 3 Players Defense
   Defense                  Defense                  Time % Phy DF OF 
 1 Alexander Edler          Ryan Mcdonagh            60     1   2  2  
 2 Brett Clark              Barret Jackman           40     1   2  2  

4 vs 4 Forward 
   Center                   Wing                     Time % Phy DF OF 
 1 Adam Burish              Alexander Ovechkin       60     1   2  2  
 2 Josef Vasicek            Alexander Steen          40     1   2  2  

4 vs 4 Defense
   Defense                  Defense                  Time % Phy DF OF 
 1 Alexander Edler          Ryan Mcdonagh            55     1   2  2  
 2 Christian Ehrhoff        Barret Jackman           45     1   2  2  

Last Minutes Offensive
   Center                   Left Wing                Right Wing               Defense                  Defense                  
   Joe Thornton             Alexander Ovechkin       Vitali Yachmenev         Alexander Edler          Ryan Mcdonagh            

Last Minutes Defensive
   Center                   Left Wing                Right Wing               Defense                  Defense                  
   Joe Thornton             Alexander Ovechkin       Adam Burish              Brett Clark              Ryan Mcdonagh            

Goaltenders
Starting : Maxime Daigneault        
Backup : Ray Emery                

Extra Forwards
Normal : Alexander Steen, Alexander Ovechkin, Josef Vasicek - PP : Alexander Steen, Josef Vasicek - PK : Vitali Yachmenev
Extra Defensemen
Normal : Alexander Edler, Ryan Mcdonagh, Christian Ehrhoff - PP : Ryan Mcdonagh - PK : Brett Clark, Ryan Mcdonagh
Penalty Shots
Alexander Ovechkin, Joe Thornton, Alexander Steen, Josef Vasicek, Vitali Yachmenev

% Time on Ice - Blackhawks

Lines # - Real PCT - Wanted PCT - Time Play
Normal Forward
1 - 38% - 40% - 17:24
2 - 23% - 30% - 10:48
3 - 21% - 20% - 9:45
4 - 17% - 10% - 8:01
Normal Defense
1 - 43% - 40% - 19:43
2 - 32% - 30% - 14:49
3 - 22% - 20% - 10:13
4 - 3% - 10% - 1:13
PP Forward
1 - 62% - 60% - 3:47
2 - 38% - 40% - 2:19
PP Defense
1 - 68% - 60% - 4:09
2 - 32% - 40% - 1:57
PK Forward
1 - 68% - 60% - 5:22
2 - 32% - 40% - 2:34
PK Defense
1 - 62% - 60% - 4:57
2 - 38% - 40% - 2:59
PK3 Forward
1 - 0% - 60%
2 - 0% - 40%
PK3 Defense
1 - 0% - 60%
2 - 0% - 40%
44 Forward
1 - 0% - 60%
2 - 0% - 40%
44 Defense
1 - 0% - 60%
2 - 0% - 40%
Last Minute Offensive  - 0:00
Last Minute Defensive  - 0:00
Total
Forward - 60:00
Defense - 60:00

% Time on Ice - Predators

Lines # - Real PCT - Wanted PCT - Time Play
Normal Forward
1 - 38% - 40% - 17:32
2 - 26% - 30% - 12:01
3 - 19% - 20% - 8:52
4 - 16% - 10% - 7:33
Normal Defense
1 - 42% - 40% - 19:29
2 - 34% - 30% - 15:26
3 - 21% - 20% - 9:31
4 - 3% - 10% - 1:32
PP Forward
1 - 55% - 60% - 4:24
2 - 45% - 40% - 3:32
PP Defense
1 - 59% - 60% - 4:43
2 - 41% - 40% - 3:13
PK Forward
1 - 87% - 60% - 5:18
2 - 13% - 40% - 0:48
PK Defense
1 - 79% - 60% - 4:48
2 - 21% - 40% - 1:18
PK3 Forward
1 - 0% - 60%
2 - 0% - 40%
PK3 Defense
1 - 0% - 60%
2 - 0% - 40%
44 Forward
1 - 0% - 60%
2 - 0% - 40%
44 Defense
1 - 0% - 55%
2 - 0% - 45%
Last Minute Offensive  - 0:00
Last Minute Defensive  - 0:00
Total
Forward - 60:00
Defense - 60:00

Play by Play

1st period


0:01 of 1st period - Robert Nilsson wins face-off versus Joe Thornton in neutral zone.
0:04 of 1st period - Wrist shot by Kris Versteeg.
0:04 of 1st period - Deflect By Ryan Mcdonagh.
0:04 of 1st period - Shot Misses the Net.
0:04 of 1st period - Puck is out of play.
0:05 of 1st period - Joe Thornton wins face-off versus Robert Nilsson in Predators zone.
0:40 of 1st period - Wrist shot by Pierre-Marc Bouchard.
0:40 of 1st period - Deflect By Chris Higgins.
0:40 of 1st period - Shot Misses the Net.
0:40 of 1st period - Puck is out of play.
0:41 of 1st period - Josef Vasicek wins face-off versus Dominic Moore in Predators zone.
1:42 of 1st period - Wrist shot by Chris Higgins.
1:42 of 1st period - Stopped by Maxime Daigneault with a rebound.
2:18 of 1st period - Off-side.
2:19 of 1st period - Josef Vasicek wins face-off versus Viktor Kozlov in neutral zone.
2:23 of 1st period - Minor Penalty to John Carlson for High sticking.
2:24 of 1st period - Joe Thornton wins face-off versus Dominic Moore in Blackhawks zone.
4:18 of 1st period - Andy Rogers is hit by Alexander Ovechkin and loses puck.
4:23 of 1st period - Penalty to John Carlson is over, John Carlson is back on ice.
4:33 of 1st period - Wrist shot by Robert Nilsson.
4:33 of 1st period - Deflect By Henrik Zetterberg.
4:33 of 1st period - Stopped by Maxime Daigneault without a rebound.
4:34 of 1st period - Robert Nilsson wins face-off versus Erik Rasmussen in Predators zone.
4:35 of 1st period - Snap shot by Henrik Zetterberg.
4:35 of 1st period - Stopped by Maxime Daigneault with a rebound.
4:37 of 1st period - Slapshot by Brent Burns.
4:37 of 1st period - Shot Blocked by Erik Rasmussen.
4:39 of 1st period - Slapshot by Brent Burns.
4:39 of 1st period - Stopped by Maxime Daigneault with a rebound.
4:41 of 1st period - Wrist shot by Kris Versteeg.
4:41 of 1st period - Goal by Kris Versteeg - Blackhawks : 1 - Predators : 0.
4:42 of 1st period - Pierre-Marc Bouchard wins face-off versus Joe Thornton in neutral zone.
4:53 of 1st period - Snap shot by Joe Thornton.
4:53 of 1st period - Stopped by Tyler Weiman with a rebound.
5:03 of 1st period - Minor Penalty to Alexander Ovechkin for Tripping.
5:04 of 1st period - Robert Nilsson wins face-off versus Josef Vasicek in Predators zone.
5:07 of 1st period - Snap shot by Henrik Zetterberg.
5:07 of 1st period - Goal by Henrik Zetterberg - Blackhawks : 2 - Predators : 0.
5:08 of 1st period - Robert Nilsson wins face-off versus Kris Vernarsky in neutral zone.
5:24 of 1st period - Snap shot by Alexander Steen.
5:24 of 1st period - Shot Misses the Net.
5:30 of 1st period - Alexander Edler is hit by Andy Rogers and loses puck.
5:48 of 1st period - Wrist shot by Adam Burish.
5:48 of 1st period - Shot Hit the Post.
6:02 of 1st period - Slapshot by Adam Burish.
6:02 of 1st period - Stopped by Tyler Weiman without a rebound.
6:03 of 1st period - Joe Thornton wins face-off versus Pierre-Marc Bouchard in Blackhawks zone.
6:06 of 1st period - Wrist shot by Joe Thornton.
6:06 of 1st period - Stopped by Tyler Weiman with a rebound.
6:11 of 1st period - Minor Penalty to Chris Higgins for Holding.
6:12 of 1st period - Joe Thornton wins face-off versus Dominic Moore in Blackhawks zone.
8:11 of 1st period - Penalty to Chris Higgins is over, Chris Higgins is back on ice.
8:28 of 1st period - Slapshot by Robert Nilsson.
8:28 of 1st period - Shot Misses the Net.
8:50 of 1st period - John Carlson is hit by Jeremy Williams and loses puck.
9:07 of 1st period - Slapshot by Dominic Moore.
9:07 of 1st period - Stopped by Maxime Daigneault without a rebound.
9:08 of 1st period - Joe Thornton wins face-off versus Sheldon Keefe in Predators zone.
9:25 of 1st period - Snap shot by Erik Rasmussen.
9:25 of 1st period - Shot Blocked by Sheldon Keefe.
9:27 of 1st period - Snap shot by James Van Riemsdyk.
9:27 of 1st period - Shot Misses the Net.
9:29 of 1st period - Wrist shot by Vaclav Varada.
9:29 of 1st period - Shot Misses the Net.
9:31 of 1st period - Wrist shot by Vaclav Varada.
9:31 of 1st period - Shot Misses the Net.
10:11 of 1st period - Wrist shot by Josef Vasicek.
10:11 of 1st period - Stopped by Tyler Weiman with a rebound.
10:43 of 1st period - Slapshot by Pierre-Marc Bouchard.
10:43 of 1st period - Stopped by Maxime Daigneault with a rebound.
10:45 of 1st period - Slapshot by Andy Rogers.
10:45 of 1st period - Shot Blocked by Joe Thornton.
10:47 of 1st period - Slapshot by Jeff Schultz.
10:47 of 1st period - Stopped by Maxime Daigneault without a rebound.
10:48 of 1st period - Pierre-Marc Bouchard wins face-off versus Kris Vernarsky in Predators zone.
11:13 of 1st period - John Carlson is hit by Josef Vasicek and loses puck.
11:44 of 1st period - Wrist shot by Josef Vasicek.
11:44 of 1st period - Shot Misses the Net.
12:08 of 1st period - Andy Rogers is hit by Alexander Ovechkin.
12:20 of 1st period - Slapshot by Henrik Zetterberg.
12:20 of 1st period - Shot Misses the Net.
12:22 of 1st period - Slapshot by Jeff Schultz.
12:22 of 1st period - Stopped by Maxime Daigneault with a rebound.
12:24 of 1st period - Wrist shot by Kris Versteeg.
12:24 of 1st period - Shot Misses the Net.
12:26 of 1st period - Wrist shot by Jeff Schultz.
12:26 of 1st period - Stopped by Maxime Daigneault with a rebound.
13:00 of 1st period - Erik Rasmussen is hit by Daniel Carcillo and loses puck.
13:11 of 1st period - Snap shot by Dominic Moore.
13:11 of 1st period - Stopped by Maxime Daigneault with a rebound.
13:42 of 1st period - Slapshot by Kris Versteeg.
13:42 of 1st period - Shot Misses the Net.
13:44 of 1st period - Slapshot by John Carlson.
13:44 of 1st period - Deflect By Henrik Zetterberg.
13:44 of 1st period - Goal by Henrik Zetterberg - Blackhawks : 3 - Predators : 0.
13:44 of 1st period - Ray Emery enters game.
13:45 of 1st period - Joe Thornton wins face-off versus Henrik Zetterberg in neutral zone.
14:15 of 1st period - Icing by Vitali Yachmenev.
14:16 of 1st period - Dominic Moore wins face-off versus Joe Thornton in Predators zone.
14:54 of 1st period - Jeff Schultz is hit by Joe Thornton and loses puck.
15:09 of 1st period - Slapshot by Dominic Moore.
15:09 of 1st period - Shot Blocked by Ryan Mcdonagh.
15:45 of 1st period - Wrist shot by Daniel Carcillo.
15:45 of 1st period - Stopped by Ray Emery with a rebound.
15:47 of 1st period - Snap shot by Dominic Moore.
15:47 of 1st period - Deflect By Sheldon Keefe.
15:47 of 1st period - Goal by Sheldon Keefe - Blackhawks : 4 - Predators : 0.
15:48 of 1st period - Kris Vernarsky wins face-off versus Robert Nilsson in neutral zone.
15:55 of 1st period - Snap shot by Kris Vernarsky.
15:55 of 1st period - Stopped by Tyler Weiman without a rebound.
15:56 of 1st period - Kris Vernarsky wins face-off versus Robert Nilsson in Blackhawks zone.
16:05 of 1st period - Adam Burish is hit by Kris Versteeg and loses puck.
16:10 of 1st period - Wrist shot by Henrik Zetterberg.
16:10 of 1st period - Deflect By Kris Versteeg.
16:10 of 1st period - Stopped by Ray Emery without a rebound.
16:11 of 1st period - Josef Vasicek wins face-off versus Pierre-Marc Bouchard in Predators zone.
16:16 of 1st period - Steve Bernier is hit by Christian Ehrhoff.
16:33 of 1st period - Icing by Barret Jackman.
16:34 of 1st period - Kris Vernarsky wins face-off versus Robert Nilsson in Predators zone.
16:56 of 1st period - Minor Penalty to Adam Burish for Tripping.
16:57 of 1st period - Josef Vasicek wins face-off versus Robert Nilsson in Predators zone.
17:11 of 1st period - Alexander Edler is hit by Kris Versteeg.
17:23 of 1st period - Slapshot by Pierre-Marc Bouchard.
17:23 of 1st period - Stopped by Ray Emery with a rebound.
17:29 of 1st period - Slapshot by Alexander Edler.
17:29 of 1st period - Shot Misses the Net.
18:25 of 1st period - John Carlson is hit by Josef Vasicek and loses puck.
18:56 of 1st period - Penalty to Adam Burish is over, Adam Burish is back on ice.
19:12 of 1st period - Brett Clark is hit by Chris Campoli and loses puck.
19:25 of 1st period - Ryan Malone is hit by Vaclav Varada.
19:52 of 1st period - Viktor Kozlov is hit by Alexander Ovechkin and loses puck.
Goals for this period are 4 for Blackhawks vs 0 for Predators.
Shots for this period are 17 for Blackhawks vs 5 for Predators.

2nd period


0:01 of 2nd period - Joe Thornton wins face-off versus Robert Nilsson in neutral zone.
0:06 of 2nd period - Wrist shot by Alexander Ovechkin.
0:06 of 2nd period - Deflect By Vitali Yachmenev.
0:06 of 2nd period - Shot Misses the Net.
0:06 of 2nd period - Puck is out of play.
0:07 of 2nd period - Joe Thornton wins face-off versus Robert Nilsson in Blackhawks zone.
0:39 of 2nd period - Slapshot by Brent Burns.
0:39 of 2nd period - Stopped by Ray Emery with a rebound.
0:47 of 2nd period - Snap shot by Joe Thornton.
0:47 of 2nd period - Shot Misses the Net.
0:49 of 2nd period - Slapshot by Ryan Mcdonagh.
0:49 of 2nd period - Deflect By Alexander Ovechkin.
0:49 of 2nd period - Shot Hit the Post.
0:49 of 2nd period - Puck is out of play.
0:50 of 2nd period - Pierre-Marc Bouchard wins face-off versus Alexander Steen in Blackhawks zone.
1:16 of 2nd period - Wes O'Neill is hit by Josef Vasicek and loses puck.
1:31 of 2nd period - Minor Penalty to Josef Vasicek for Hooking.
1:32 of 2nd period - Adam Burish wins face-off versus Robert Nilsson in Predators zone.
1:40 of 2nd period - Off-side.
1:41 of 2nd period - Vitali Yachmenev wins face-off versus Robert Nilsson in neutral zone.
1:52 of 2nd period - Snap shot by Alexander Edler.
1:52 of 2nd period - Shot Blocked by Robert Nilsson.
2:20 of 2nd period - Snap shot by Kris Versteeg.
2:20 of 2nd period - Stopped by Ray Emery without a rebound.
2:21 of 2nd period - Pierre-Marc Bouchard wins face-off versus Vitali Yachmenev in Predators zone.
2:24 of 2nd period - Wrist shot by Chris Higgins.
2:24 of 2nd period - Stopped by Ray Emery without a rebound.
2:25 of 2nd period - Pierre-Marc Bouchard wins face-off versus Vitali Yachmenev in Predators zone.
2:28 of 2nd period - Slapshot by Pierre-Marc Bouchard.
2:28 of 2nd period - Goal by Pierre-Marc Bouchard - Blackhawks : 5 - Predators : 0.
2:29 of 2nd period - Joe Thornton wins face-off versus Pierre-Marc Bouchard in neutral zone.
2:31 of 2nd period - Alexander Edler is hit by Pierre-Marc Bouchard and loses puck.
2:38 of 2nd period - Snap shot by Joe Thornton.
2:38 of 2nd period - Shot Misses the Net.
2:47 of 2nd period - Minor Penalty to Alexander Edler for Holding Stick.
2:48 of 2nd period - Josef Vasicek wins face-off versus Robert Nilsson in Predators zone.
2:48 of 2nd period - Josef Vasicek is hit by Brent Burns.
3:19 of 2nd period - Slapshot by Jeff Schultz.
3:19 of 2nd period - Shot Blocked by Brett Clark.
3:23 of 2nd period - Wrist shot by Chris Higgins.
3:23 of 2nd period - Deflect By Pierre-Marc Bouchard.
3:23 of 2nd period - Goal by Pierre-Marc Bouchard - Blackhawks : 6 - Predators : 0.
3:23 of 2nd period - Maxime Daigneault enters game.
3:24 of 2nd period - Joe Thornton wins face-off versus Robert Nilsson in neutral zone.
3:51 of 2nd period - Kris Vernarsky is hit by Chris Higgins and loses puck.
4:20 of 2nd period - Jeremy Williams is hit by Dominic Moore and loses puck.
4:33 of 2nd period - Snap shot by Erik Rasmussen.
4:33 of 2nd period - Stopped by Tyler Weiman without a rebound.
4:34 of 2nd period - Erik Rasmussen wins face-off versus Viktor Kozlov in Blackhawks zone.
5:34 of 2nd period - Snap shot by Christian Ehrhoff.
5:34 of 2nd period - Deflect By James Van Riemsdyk.
5:34 of 2nd period - Stopped by Tyler Weiman without a rebound.
5:35 of 2nd period - Joe Thornton wins face-off versus Robert Nilsson in Blackhawks zone.
5:46 of 2nd period - Snap shot by Alexander Ovechkin.
5:46 of 2nd period - Stopped by Tyler Weiman without a rebound.
5:46 of 2nd period - Joe Thornton and Henrik Zetterberg fight to a draw.
5:46 of 2nd period - Penalty to Joe Thornton for Fighting.
5:46 of 2nd period - Penalty to Henrik Zetterberg for Fighting.
5:47 of 2nd period - Alexander Steen wins face-off versus Robert Nilsson in Blackhawks zone.
5:54 of 2nd period - Wrist shot by Vitali Yachmenev.
5:54 of 2nd period - Stopped by Tyler Weiman with a rebound.
5:56 of 2nd period - Snap shot by Alexander Steen.
5:56 of 2nd period - Deflect By Alexander Ovechkin.
5:56 of 2nd period - Stopped by Tyler Weiman without a rebound.
5:57 of 2nd period - Robert Nilsson wins face-off versus Alexander Steen in Blackhawks zone.
6:02 of 2nd period - Wrist shot by Alexander Steen.
6:02 of 2nd period - Shot Misses the Net.
6:04 of 2nd period - Snap shot by Ryan Mcdonagh.
6:04 of 2nd period - Deflect By Alexander Ovechkin.
6:04 of 2nd period - Stopped by Tyler Weiman without a rebound.
6:05 of 2nd period - Kris Vernarsky wins face-off versus Robert Nilsson in Blackhawks zone.
6:53 of 2nd period - Jamie Langenbrunner is hit by Barret Jackman and loses puck.
8:17 of 2nd period - Snap shot by James Van Riemsdyk.
8:17 of 2nd period - Goal by James Van Riemsdyk - Blackhawks : 6 - Predators : 1.
8:18 of 2nd period - Robert Nilsson wins face-off versus Alexander Steen in neutral zone.
8:21 of 2nd period - Slapshot by Brent Burns.
8:21 of 2nd period - Shot Misses the Net.
9:03 of 2nd period - Ryan Mcdonagh is hit by Chris Higgins and loses puck.
9:58 of 2nd period - Slapshot by Alexander Edler.
9:58 of 2nd period - Shot Misses the Net.
10:28 of 2nd period - Snap shot by Jeremy Williams.
10:28 of 2nd period - Deflect By Eric Nystrom.
10:28 of 2nd period - Stopped by Tyler Weiman without a rebound.
10:29 of 2nd period - Alexander Steen wins face-off versus Robert Nilsson in Blackhawks zone.
10:40 of 2nd period - Wrist shot by Alexander Ovechkin.
10:40 of 2nd period - Shot Misses the Net.
11:00 of 2nd period - Snap shot by James Van Riemsdyk.
11:00 of 2nd period - Stopped by Tyler Weiman without a rebound.
11:01 of 2nd period - Robert Nilsson wins face-off versus Kris Vernarsky in Blackhawks zone.
11:06 of 2nd period - Slapshot by Henrik Zetterberg.
11:06 of 2nd period - Stopped by Maxime Daigneault without a rebound.
11:07 of 2nd period - Robert Nilsson wins face-off versus Kris Vernarsky in Predators zone.
11:22 of 2nd period - Wrist shot by Robert Nilsson.
11:22 of 2nd period - Stopped by Maxime Daigneault without a rebound.
11:23 of 2nd period - Joe Thornton wins face-off versus Pierre-Marc Bouchard in Predators zone.
12:15 of 2nd period - Icing by Robert Nilsson.
12:16 of 2nd period - Kris Vernarsky wins face-off versus Robert Nilsson in Blackhawks zone.
12:24 of 2nd period - Minor Penalty to Kris Versteeg for Roughing.
12:25 of 2nd period - Dominic Moore wins face-off versus Joe Thornton in Blackhawks zone.
14:07 of 2nd period - Ryan Mcdonagh is hit by Dominic Moore.
14:24 of 2nd period - Penalty to Kris Versteeg is over, Kris Versteeg is back on ice.
14:30 of 2nd period - Christian Ehrhoff is hit by Kris Versteeg and loses puck.
14:39 of 2nd period - Wrist shot by Kris Versteeg.
14:39 of 2nd period - Shot Hit the Post.
14:41 of 2nd period - Snap shot by Robert Nilsson.
14:41 of 2nd period - Deflect By Josef Vasicek.
14:41 of 2nd period - Stopped by Maxime Daigneault with a rebound.
15:59 of 2nd period - Jeff Schultz is hit by Erik Rasmussen and loses puck.
16:46 of 2nd period - Icing by Viktor Kozlov.
16:47 of 2nd period - Kris Vernarsky wins face-off versus Viktor Kozlov in Blackhawks zone.
17:34 of 2nd period - Wrist shot by Josef Vasicek.
17:34 of 2nd period - Stopped by Tyler Weiman without a rebound.
17:35 of 2nd period - Joe Thornton wins face-off versus Robert Nilsson in Blackhawks zone.
17:48 of 2nd period - Slapshot by Robert Nilsson.
17:48 of 2nd period - Stopped by Maxime Daigneault with a rebound.
18:30 of 2nd period - Snap shot by Joe Thornton.
18:30 of 2nd period - Shot Blocked by Jeff Schultz.
19:08 of 2nd period - Wrist shot by Kris Versteeg.
19:08 of 2nd period - Shot Blocked by Ryan Mcdonagh.
19:27 of 2nd period - Sheldon Keefe is hit by Jeremy Williams and loses puck.
19:54 of 2nd period - Wrist shot by Pierre-Marc Bouchard.
19:54 of 2nd period - Stopped by Maxime Daigneault without a rebound.
19:55 of 2nd period - Pierre-Marc Bouchard wins face-off versus Erik Rasmussen in Predators zone.
Goals for this period are 2 for Blackhawks vs 1 for Predators.
Shots for this period are 10 for Blackhawks vs 10 for Predators.

3rd period


0:01 of 3rd period - Kris Vernarsky wins face-off versus Robert Nilsson in neutral zone.
0:14 of 3rd period - Snap shot by Alexander Steen.
0:14 of 3rd period - Stopped by Tyler Weiman with a rebound.
0:26 of 3rd period - Vitali Yachmenev is hit by Steve Bernier and loses puck.
0:53 of 3rd period - Wrist shot by Josef Vasicek.
0:53 of 3rd period - Shot Misses the Net.
1:11 of 3rd period - Jeff Schultz is hit by Alexander Steen and loses puck.
1:18 of 3rd period - Snap shot by Adam Burish.
1:18 of 3rd period - Stopped by Tyler Weiman without a rebound.
1:19 of 3rd period - Kris Vernarsky wins face-off versus Robert Nilsson in Blackhawks zone.
1:33 of 3rd period - Off-side.
1:34 of 3rd period - Pierre-Marc Bouchard wins face-off versus Joe Thornton in neutral zone.
1:49 of 3rd period - Wrist shot by Alexander Ovechkin.
1:49 of 3rd period - Stopped by Tyler Weiman without a rebound.
1:50 of 3rd period - Robert Nilsson wins face-off versus Alexander Steen in Blackhawks zone.
2:05 of 3rd period - Snap shot by Robert Nilsson.
2:05 of 3rd period - Stopped by Maxime Daigneault with a rebound.
2:07 of 3rd period - Slapshot by Jeff Schultz.
2:07 of 3rd period - Shot Misses the Net.
2:17 of 3rd period - Brent Burns is hit by Vitali Yachmenev and loses puck.
2:24 of 3rd period - Wrist shot by Joe Thornton.
2:24 of 3rd period - Shot Misses the Net.
2:26 of 3rd period - Snap shot by Joe Thornton.
2:26 of 3rd period - Stopped by Tyler Weiman without a rebound.
2:27 of 3rd period - Joe Thornton wins face-off versus Robert Nilsson in Blackhawks zone.
2:34 of 3rd period - Wrist shot by Alexander Ovechkin.
2:34 of 3rd period - Shot Blocked by Chris Campoli.
2:40 of 3rd period - Slapshot by Alexander Ovechkin.
2:40 of 3rd period - Shot Misses the Net.
2:42 of 3rd period - Slapshot by Alexander Ovechkin.
2:42 of 3rd period - Shot Misses the Net.
2:44 of 3rd period - Wrist shot by Christian Ehrhoff.
2:44 of 3rd period - Stopped by Tyler Weiman without a rebound.
2:45 of 3rd period - Pierre-Marc Bouchard wins face-off versus Kris Vernarsky in Blackhawks zone.
3:10 of 3rd period - John Carlson is hit by Joe Thornton and loses puck.
3:15 of 3rd period - Snap shot by Alexander Ovechkin.
3:15 of 3rd period - Goal by Alexander Ovechkin - Blackhawks : 6 - Predators : 2.
3:16 of 3rd period - Kris Vernarsky wins face-off versus Robert Nilsson in neutral zone.
3:27 of 3rd period - Snap shot by Kris Vernarsky.
3:27 of 3rd period - Goal by Kris Vernarsky - Blackhawks : 6 - Predators : 3.
3:28 of 3rd period - Robert Nilsson wins face-off versus Kris Vernarsky in neutral zone.
3:51 of 3rd period - Minor Penalty to Alexander Edler for Hooking.
3:52 of 3rd period - Josef Vasicek wins face-off versus Robert Nilsson in Predators zone.
4:03 of 3rd period - Wrist shot by Josef Vasicek.
4:03 of 3rd period - Stopped by Tyler Weiman without a rebound.
4:04 of 3rd period - Josef Vasicek wins face-off versus Robert Nilsson in Blackhawks zone.
4:07 of 3rd period - Snap shot by Adam Burish.
4:07 of 3rd period - Stopped by Tyler Weiman with a rebound.
4:15 of 3rd period - Wrist shot by Henrik Zetterberg.
4:15 of 3rd period - Shot Blocked by Ryan Mcdonagh.
4:41 of 3rd period - Wrist shot by John Carlson.
4:41 of 3rd period - Stopped by Maxime Daigneault without a rebound.
4:42 of 3rd period - Josef Vasicek wins face-off versus Robert Nilsson in Predators zone.
4:51 of 3rd period - Snap shot by Robert Nilsson.
4:51 of 3rd period - Shot Blocked by Brett Clark.
5:51 of 3rd period - Penalty to Alexander Edler is over, Alexander Edler is back on ice.
6:10 of 3rd period - Wrist shot by Viktor Kozlov.
6:10 of 3rd period - Stopped by Maxime Daigneault without a rebound.
6:11 of 3rd period - Viktor Kozlov wins face-off versus Erik Rasmussen in Predators zone.
7:37 of 3rd period - Christian Ehrhoff is hit by Brent Burns and loses puck.
8:08 of 3rd period - Slapshot by Kris Vernarsky.
8:08 of 3rd period - Stopped by Tyler Weiman without a rebound.
8:09 of 3rd period - Pierre-Marc Bouchard wins face-off versus Joe Thornton in Blackhawks zone.
8:09 of 3rd period - Brent Burns is hit by Joe Thornton and loses puck.
9:16 of 3rd period - Minor Penalty to Eric Nystrom for Holding.
9:17 of 3rd period - Josef Vasicek wins face-off versus Robert Nilsson in Predators zone.
9:17 of 3rd period - Josef Vasicek is hit by John Carlson.
9:43 of 3rd period - Snap shot by Pierre-Marc Bouchard.
9:43 of 3rd period - Shot Misses the Net.
9:47 of 3rd period - Snap shot by Chris Higgins.
9:47 of 3rd period - Deflect By Steve Bernier.
9:47 of 3rd period - Goal by Steve Bernier - Blackhawks : 7 - Predators : 3.
9:48 of 3rd period - Joe Thornton wins face-off versus Robert Nilsson in neutral zone.
9:51 of 3rd period - Brent Burns is hit by Barret Jackman and loses puck.
10:10 of 3rd period - Minor Penalty to Robert Nilsson for Hooking.
10:11 of 3rd period - Joe Thornton wins face-off versus Dominic Moore in Blackhawks zone.
12:10 of 3rd period - Penalty to Robert Nilsson is over, Robert Nilsson is back on ice.
12:33 of 3rd period - Vaclav Varada is hit by Robert Nilsson and loses puck.
12:48 of 3rd period - Pierre-Marc Bouchard is hit by Andrei Markov and loses puck.
14:45 of 3rd period - Icing by Dominic Moore.
14:46 of 3rd period - Kris Vernarsky wins face-off versus Dominic Moore in Blackhawks zone.
14:59 of 3rd period - Snap shot by Kris Vernarsky.
14:59 of 3rd period - Shot Blocked by John Carlson.
15:15 of 3rd period - Snap shot by Henrik Zetterberg.
15:15 of 3rd period - Stopped by Maxime Daigneault with a rebound.
16:00 of 3rd period - Wrist shot by Jamie Langenbrunner.
16:00 of 3rd period - Stopped by Maxime Daigneault with a rebound.
16:02 of 3rd period - Snap shot by Ryan Malone.
16:02 of 3rd period - Stopped by Maxime Daigneault with a rebound.
16:22 of 3rd period - Snap shot by Alexander Steen.
16:22 of 3rd period - Stopped by Tyler Weiman without a rebound.
16:23 of 3rd period - Robert Nilsson wins face-off versus Joe Thornton in Blackhawks zone.
16:45 of 3rd period - Ryan Mcdonagh is hit by Brent Burns and loses puck.
17:16 of 3rd period - Wrist shot by Josef Vasicek.
17:16 of 3rd period - Stopped by Tyler Weiman without a rebound.
17:17 of 3rd period - Dominic Moore wins face-off versus Josef Vasicek in Blackhawks zone.
17:43 of 3rd period - Jeff Schultz is hit by Vitali Yachmenev and loses puck.
18:08 of 3rd period - Wrist shot by Chris Higgins.
18:08 of 3rd period - Stopped by Maxime Daigneault with a rebound.
18:25 of 3rd period - Slapshot by Sheldon Keefe.
18:25 of 3rd period - Shot Misses the Net.
18:30 of 3rd period - Off-side.
18:31 of 3rd period - Dominic Moore wins face-off versus Erik Rasmussen in neutral zone.
18:44 of 3rd period - Slapshot by Barret Jackman.
18:44 of 3rd period - Deflect By James Van Riemsdyk.
18:44 of 3rd period - Goal by James Van Riemsdyk - Blackhawks : 7 - Predators : 4.
18:45 of 3rd period - Robert Nilsson wins face-off versus Joe Thornton in neutral zone.
18:47 of 3rd period - Jeff Schultz is hit by Alexander Edler and loses puck.
18:57 of 3rd period - Off-side.
18:58 of 3rd period - Robert Nilsson wins face-off versus Joe Thornton in neutral zone.
19:58 of 3rd period - Wrist shot by Henrik Zetterberg.
19:58 of 3rd period - Stopped by Maxime Daigneault with a rebound.
Goals for this period are 1 for Blackhawks vs 3 for Predators.
Shots for this period are 9 for Blackhawks vs 13 for Predators.